 Dungeon Crawl Stone Soup version 0.21-a0-582-g1b93aee (webtiles) character file.

42 Curus the Chopper (level 3, -4/31 HPs)
             Began as a Hill Orc Abyssal Knight on Dec 19, 2017.
             Was a Believer of Lugonu.
             Slain by a gnoll
             ... wielding a +0 flail
              (11 damage)
             ... on level 1 of the Dungeon.
             The game lasted 00:03:12 (922 turns).

Curus the Chopper (Hill Orc Abyssal Knight)          Turns: 922, Time: 00:03:12

Health: -4/31      AC:  5    Str: 14    XL:     3   Next: 56%
Magic:  1/1        EV: 11    Int: 12    God:    Lugonu [**....]
Gold:   44         SH:  0    Dex: 11    Spells: 2/2 levels left

rFire    + . .     SeeInvis .   d - +1 hand axe (antimagic)
rCold    . . .     Gourm    .   (no shield)
rNeg     + . .     Faith    .   f - +2 leather armour {rF+}
rPois    .         Spirit   .   (no helmet)
rElec    .         Reflect  .   (no cloak)
rCorr    .         Harm     .   (no gloves)
MR       .....                  (no boots)
Stlth    +.........             (no amulet)
HPRegen  0.10/turn              e - ring of positive energy
MPRegen  0.07/turn              (no ring)

@: no status effects
A: no striking features
a: Depart the Abyss, Bend Space, Renounce Religion


You were on level 1 of the Dungeon.
You worshipped Lugonu.
Lugonu was pleased with you.
You were not hungry.

You visited 1 branch of the dungeon, and saw 2 of its levels.
You visited the Abyss 1 time.

You collected 44 gold pieces.

Inventory:

Hand Weapons
 a - a +1 hand axe
 d - a +1 antimagic hand axe (weapon)
Armour
 b - a +0 leather armour
 f - a +2 leather armour of fire resistance (worn)
Jewellery
 e - a ring of positive energy (left hand)
Comestibles
 c - 2 rations


   Skills:
 - Level 3.6 Fighting
 + Level 4.1 Axes
 - Level 2.1 Armour
 - Level 0.7 Dodging
 + Level 3.9 Invocations


You had 2 spell levels left.
You didn't know any spells.

Dungeon Overview and Level Annotations

Branches:
Dungeon (2/15)

Altars:


Message History

The gnoll hits you with a whip! The gnoll hits you but does no damage.
You struggle against the net.
The bat hits you but does no damage. x2
The gnoll hits you but does no damage. x2; The gnoll barely misses you.
A hobgoblin comes into view.
You struggle against the net.
The bat hits you but does no damage.
The hobgoblin moves out of view.
The gnoll hits you from afar with a halberd.
The gnoll hits you with a whip. The gnoll hits you but does no damage.
You shred the net and break free! The bat barely misses you.
The gnoll misses you. The gnoll hits you with a whip.
The gnoll closely misses you. The bat barely misses you.
The gnoll barely misses you.
The gnoll hits you from afar with a halberd.
* * * LOW HITPOINT WARNING * * *
The gnoll barely misses you. The gnoll hits you.
* * * LOW HITPOINT WARNING * * *
You climb upwards.
There is a stone staircase leading down here.
The gnoll hits you with a flail!
You die...

##..###
#.##....############..
#..#####.........#...........
#.........######.#.########..
#.#.......######'#.#......#..
#.+.......#...............#..
###.......#..................
#.......#.g..).........÷...
#.......#g>........)..÷...#
#.......#.@g.......###.####
#########................##
#.......#######..##
#.......##...##..##
##'#######...###.##
#...........# #..#
#.........### #...
#.........# ##.# #.........#
#.#


You could see 3 gnolls.

Vanquished Creatures
  An ooze (D:1)
  A dart slug (D:1)
  2 leopard geckos (D:1)
  3 giant cockroaches (D:1)
  A goblin (D:1)
  4 hobgoblins (D:1)
  8 jackals (D:1)
  2 bats (D:1)
  4 frilled lizards (D:1)
  2 kobolds (D:1)
  3 rats (D:1)
31 creatures vanquished.

Notes
Turn   | Place    | Note
-------+----------+-------------------------------------------
     0 | Abyss:1  | Curus the Hill Orc Abyssal Knight began the quest for the Orb.
     0 | Abyss:1  | Reached XP level 1. HP: 19/19 MP: 2/2
     8 | D:1      | Escaped the Abyss
   105 | D:1      | Reached skill level 3 in Axes
   111 | D:1      | Reached XP level 2. HP: 17/26 MP: 4/4
   485 | D:1      | Reached ** piety under Lugonu
   493 | D:1      | Reached XP level 3. HP: 31/31 MP: 1/5
   533 | D:1      | Reached skill level 4 in Axes
   922 | D:1      | Slain by a gnoll

Vault maps used:
D:1:      scummos_arrival_forest
D:2:      lemuel_doored_altar, chequers_ecumenical_altar_simple

Skill      XL: |  1  2  3 |
---------------+----------+-----
Axes           | 3 4 |  4.1
Invocations    | 3 |  3.9
Fighting       | |  3.6
Armour         | |  2.1
Dodging        | |  0.7

Action                   || total
-------------------------++-------
Melee: Hand axe          ||    92
  Use: Scroll            ||     2
       Potion            ||     1
Armor: Leather armour    ||    32
Dodge: Dodged            ||    63

Table legend:
 A = Spawn XP
 B = Non-spawn XP
 C = Spawn XP percentage of total XP
 D = Spawn monster count
 E = Non-spawn monster count
 F = Spawn count percentage of total count
 G = Total turns spent on level
                    A         B        C        D         E        F      G
               +---------+---------+-------+---------+---------+-------+---------
         Total |       0 |      61 |   0.0 |       0 |      31 |   0.0 |   922
               +---------+---------+-------+---------+---------+-------+---------
           D:1 |       0 |      61 |   0.0 |       0 |      31 |   0.0 |   907
               +---------+---------+-------+---------+---------+-------+---------
